[Event "Titled Tuesday Blitz March 22 Early 2022"]
[White "Guseva, Marina"]
[Black "Jary, Sergey"]
[WhiteFideId "4149351"]
[BlackFideId "14110350"]
[WhiteElo "2160"]
[BlackElo "2260"]
[Result "0-1"]
[Round "11"]
[TimeControl "180+1"]
[Date "2022.03.22"]
[WhiteClock "0:00:02"]
[BlackClock "0:00:21"]

1. d4 d6 2. Nf3 g6 3. Bf4 Bg7 4. e3 Nf6 5. h3 O-O 6. Be2 Nc6 7. O-O a6 8. a4 Ne4 9. Nbd2 Nxd2 10. Qxd2 e5 11. Bh2 e4 12. Ne1 Re8 13. c4 f5 14. Nc2 Kh8 15. b4 Ne7 16. b5 g5 17. f4 g4 18. Bg3 gxh3 19. gxh3 Rg8 20. Kh2 Qf8 21. Rg1 Bf6 22. Nb4 c5 23. bxc6 bxc6 24. Rg2 c5 25. Nc2 Rb8 26. Rag1 Ng6 27. Be1 Rb3 28. Qd1 Qh6 29. dxc5 dxc5 30. Qd6 Qf8 31. Qc6 Rb2 32. Bd1 Bb7 33. Qe6 Bc8 34. Qc6 Qe7 35. Ba5 Bd7 36. Qc7 Rc8 37. Qa7 Rcb8 38. Bc7 Rc8 39. Bb6 Bxa4 40. Qxe7 Bxe7 41. Ba5 Bf6 42. Na3 Bxd1 43. Rxd1 Rxg2+ 44. Kxg2 Rb8 45. Rd6 Nh4+ 46. Kf1 Rb3 47. Rxf6 Rxa3 48. Rxa6 Rxe3 49. Bd8 Ng6 50. Bf6+ Kg8 51. Ra7 Rf3+ 52. Ke1 Rxf4 0-1


[Site "https://www.chess.com"]

[Event "Titled Tuesday Blitz March 22 Early 2022"]
[White "Harish, Neeraj"]
[Black "Ardila, Oscar Humberto"]
[WhiteFideId "30958130"]
[BlackFideId "4404742"]
[WhiteElo "1574"]
[BlackElo "1966"]
[Result "0-1"]
[Round "11"]
[TimeControl "180+1"]
[Date "2022.03.22"]
[WhiteClock "0:00:03"]
[BlackClock "0:00:11"]

1. e4 e5 2. Nf3 Nf6 3. d4 Nxe4 4. Nxe5 Nf6 5. Bd3 Be7 6. O-O d6 7. Nf3 O-O 8. c3 Nbd7 9. Bf4 Re8 10. Re1 Nf8 11. Nbd2 Ng6 12. Be3 Bd7 13. Nf1 Bc6 14. Ng3 Bf8 15. c4 Ne4 16. d5 Nxg3 17. hxg3 Bd7 18. Bg5 Be7 19. Bxe7 Rxe7 20. Qd2 Bg4 21. Nd4 Rxe1+ 22. Rxe1 Qf6 23. Nb5 Qd8 24. f3 Bd7 25. Nd4 Qf6 26. Bc2 Ne5 27. b3 Re8 28. g4 h5 29. g5 Qd8 30. Nf5 Bxf5 31. Bxf5 g6 32. Bc2 Nd7 33. f4 Nc5 34. b4 Nd7 35. g3 Re7 36. Re3 Qe8 37. Kf2 Nb6 38. Bd3 a5 39. bxa5 Nd7 40. Qe2 Rxe3 41. Qxe3 Qd8 42. Bc2 Nc5 43. Kf3 c6 44. dxc6 bxc6 45. Be4 Qc7 46. Qa3 Ne6 47. a6 Qa7 48. Qxd6 Qg1 49. Qb8+ Kh7 50. Bxc6 Nd4+ 51. Ke4 Nxc6 52. Qb7 Qd4+ 53. Kf3 Qd3+ 54. Kf2 Qe4 55. a7 Qd4+ 56. Kf3 Qd3+ 57. Kf2 Qc2+ 58. Kf3 Nd4+ 59. Ke3 Nf5+ 60. Kf3 Qd3+ 61. Kg2 Qe2+ 62. Kh3 Qg4+ 63. Kh2 Qe2+ 64. Kh3 h4 65. Qxf7+ Ng7 66. a8=Q Qf1+ 67. Kh2 Qf2+ 68. Kh3 Qxg3# 0-1


[Site "https://www.chess.com"]

[Event "Titled Tuesday Blitz March 22 Early 2022"]
[White "Horcajuelo Rocamora, Martin"]
[Black "Samaganova, Aleksandra"]
[WhiteFideId "24573027"]
[BlackFideId "13800221"]
[WhiteElo "1706"]
[BlackElo "1859"]
[Result "1-0"]
[Round "11"]
[TimeControl "180+1"]
[Date "2022.03.22"]
[WhiteClock "0:00:39"]
[BlackClock "0:00:01"]

1. e4 c5 2. Nf3 e6 3. d4 cxd4 4. Nxd4 a6 5. g3 Qc7 6. Bg2 Nf6 7. O-O Nc6 8. Nc3 Nxd4 9. Qxd4 Bc5 10. Qd3 O-O 11. Bf4 d6 12. Rad1 Ne8 13. a3 e5 14. Nd5 Qd8 15. Be3 Bxe3 16. Qxe3 Be6 17. Rd2 Rc8 18. c3 Rc5 19. Rfd1 Bxd5 20. Rxd5 Rxd5 21. Rxd5 Nc7 22. Rd2 Ne8 23. Bh3 g6 24. c4 f5 25. exf5 gxf5 26. c5 f4 27. Qb3+ Kh8 28. cxd6 fxg3 29. hxg3 Qf6 30. d7 Nd6 31. Qe6 Qxe6 32. Bxe6 Ne4 33. d8=Q Kg7 34. Rd7+ 1-0


[Site "https://www.chess.com"]

[Event "Titled Tuesday Blitz March 22 Early 2022"]
[White "Hua, Lefong"]
[Black "Quirke, Jeffrey"]
[WhiteFideId "2602253"]
[BlackFideId "2013029"]
[WhiteElo "2566"]
[BlackElo "2257"]
[Result "1/2-1/2"]
[Round "11"]
[TimeControl "180+1"]
[Date "2022.03.22"]
[WhiteClock "0:00:30"]
[BlackClock "0:00:08"]

1. d4 d5 2. c4 e6 3. Nc3 Nf6 4. cxd5 Nxd5 5. e4 Nxc3 6. bxc3 c5 7. Nf3 cxd4 8. cxd4 Bb4+ 9. Bd2 Bxd2+ 10. Qxd2 O-O 11. Bc4 Nd7 12. O-O b6 13. Rad1 Bb7 14. Rfe1 Rc8 15. Bb3 Nf6 16. Qf4 Qc7 17. Qh4 h6 18. d5 exd5 19. e5 Ne4 20. Nd4 Qd8 21. Qxd8 Rfxd8 22. Nf5 Kf8 23. f3 Nc3 24. Rd2 Rc7 25. Nd6 Ba8 26. Kf2 b5 27. Nf5 b4 28. Nd4 a5 29. e6 Re7 30. exf7 Rxe1 31. Kxe1 Kxf7 32. Nf5 Kf6 33. Ne3 Re8 34. Kf2 a4 35. Bxd5 Bxd5 36. Nxd5+ Nxd5 37. Rxd5 Rb8 38. Ke3 b3 39. axb3 axb3 40. Rd1 b2 41. Rb1 Ke5 42. g3 h5 43. Kd3 g5 44. Kc3 g4 45. f4+ Ke4 46. Rxb2 Rc8+ 47. Kd2 Kf3 48. Rb5 h4 49. gxh4 Kxf4 50. Rb3 Rh8 51. Ke2 Rxh4 52. Kf2 Rxh2+ 53. Kg1 Rd2 54. Rc3 Kg5 55. Rb3 Kh4 56. Rc3 g3 57. Rc8 Kh3 58. Rh8+ Kg4 59. Rg8+ Kh3 60. Rh8+ Kg4 61. Rg8+ Kh3 62. Rh8+ 1/2-1/2


[Site "https://www.chess.com"]

[Event "Titled Tuesday Blitz March 22 Early 2022"]
[White "Janaszak, Dawid"]
[Black "Dronavalli, Harika"]
[WhiteFideId "1119206"]
[BlackFideId "5015197"]
[WhiteElo "2199"]
[BlackElo "2382"]
[Result "0-1"]
[Round "11"]
[TimeControl "180+1"]
[Date "2022.03.22"]
[WhiteClock "0:00:05"]
[BlackClock "0:00:22"]

1. e4 c5 2. Nc3 e6 3. Nge2 a6 4. g3 b5 5. Bg2 Bb7 6. d4 cxd4 7. Nxd4 Nc6 8. O-O Nge7 9. Nb3 Ne5 10. f4 Nc4 11. Kh1 h5 12. f5 h4 13. g4 h3 14. Bf3 Nc6 15. Qe2 N6e5 16. Bf4 f6 17. fxe6 dxe6 18. Rad1 Qc8 19. Bxe5 Nxe5 20. g5 Nxf3 21. Rxf3 Be7 22. gxf6 gxf6 23. Nd4 b4 24. Na4 Rb8 25. Re1 Rh4 26. Re3 f5 27. Nf3 Rxe4 28. Kg1 Rxe3 29. Qxe3 Qc6 30. Qxe6 Qxe6 31. Rxe6 Bxf3 32. Rxa6 Kf7 33. Ra7 Rg8+ 34. Kf2 Be4 35. c4 Rg2+ 36. Ke3 Rxh2 37. c5 Rh1 38. Nb6 h2 0-1


[Site "https://www.chess.com"]

[Event "Titled Tuesday Blitz March 22 Early 2022"]
[White "Jaskolka, Tomasz"]
[Black "Araujo Filho, Luiz Antonio Coel"]
[WhiteFideId "1170791"]
[BlackFideId "2130661"]
[WhiteElo "2073"]
[BlackElo "2254"]
[Result "1-0"]
[Round "11"]
[TimeControl "180+1"]
[Date "2022.03.22"]
[WhiteClock "0:02:09"]
[BlackClock "0:01:25"]

1. e4 c6 2. d4 d5 3. e5 Bf5 4. h4 h5 5. c4 e6 6. Nc3 Nd7 7. cxd5 cxd5 8. Nf3 Ne7 9. Bg5 Qb6 10. Qd2 Nc6 11. Be2 Bb4 12. O-O O-O 13. Qf4 Rac8 14. Nxd5 Bg4 15. Nxb6 1-0


[Site "https://www.chess.com"]

[Event "Titled Tuesday Blitz March 22 Early 2022"]
[White "Jeet, Jain"]
[Black "Kowalczyk, Pawel"]
[WhiteFideId "5073022"]
[BlackFideId "1130641"]
[WhiteElo "2085"]
[BlackElo "2344"]
[Result "1-0"]
[Round "11"]
[TimeControl "180+1"]
[Date "2022.03.22"]
[WhiteClock "0:00:21"]
[BlackClock "0:01:21"]

1. d4 Nf6 2. Nf3 g6 3. Bf4 c5 4. e3 Bg7 5. h3 O-O 6. c3 Qb6 7. Qb3 d5 8. Nbd2 Nc6 9. Be2 c4 10. Qxb6 axb6 11. O-O b5 12. a3 Bf5 13. Rfe1 h6 14. Ne5 g5 15. Bh2 Nd7 16. Nxd7 Bxd7 17. Bf3 e6 18. e4 dxe4 19. Nxe4 Rad8 20. Nc5 Bc8 21. Bc7 Rde8 22. Bxc6 bxc6 23. Bd6 Rd8 24. Bxf8 Kxf8 25. a4 b4 26. a5 e5 27. a6 Bf5 28. a7 Ra8 29. dxe5 bxc3 30. bxc3 Ke8 31. Red1 Bxe5 32. Nb7 Bc7 33. Nd6+ Bxd6 34. Rxd6 Bd7 35. Rxh6 Ke7 36. Rh8 Rxh8 37. a8=Q Rxa8 38. Rxa8 Kd6 39. Kf1 f6 40. Ke2 Ke5 41. Ke3 Be6 42. Ra5+ Bd5 43. g3 Kf5 44. f4 gxf4+ 45. gxf4 Ke6 46. Ra8 Kf5 47. Ra7 Kg6 48. Kf2 Be4 49. Kg3 Bd5 50. Re7 Bf7 51. Kg4 Bd5 52. f5+ Kh6 53. Rd7 Be4 54. Rd6 Kg7 55. h4 Bd3 56. h5 Be2+ 57. Kh4 Bd3 58. Rxc6 Be2 59. h6+ Kxh6 60. Rxf6+ Kg7 61. Kg5 Bd3 62. Rc6 Kf7 63. Rc7+ Ke8 64. Kf6 Be2 65. Ke6 Bf1 66. Rc8# 1-0


[Site "https://www.chess.com"]

[Event "Titled Tuesday Blitz March 22 Early 2022"]
[White "Johnson, Ben"]
[Black "Melikhov, Evgeny V."]
[WhiteFideId "2010917"]
[BlackFideId "4122046"]
[WhiteElo "2214"]
[BlackElo "1945"]
[Result "0-1"]
[Round "11"]
[TimeControl "180+1"]
[Date "2022.03.22"]
[WhiteClock "0:00:09"]
[BlackClock "0:01:34"]

1. Nf3 f5 2. d4 Nf6 3. c4 g6 4. Nc3 Bg7 5. g3 O-O 6. Bg2 d6 7. O-O Qe8 8. e4 fxe4 9. Ng5 e5 10. d5 Bg4 11. Qc2 Nbd7 12. Ncxe4 Nxe4 13. Bxe4 Nc5 14. Bg2 h6 15. Ne4 Nxe4 16. Bxe4 Bf5 17. Be3 Qf7 18. Rac1 Bxe4 19. Qxe4 Qf5 20. Qxf5 gxf5 21. Rfd1 f4 22. gxf4 exf4 23. Bd4 f3 24. Bxg7 Kxg7 25. Rd4 Rf5 26. h3 Re8 27. Rc2 Re2 28. Rxe2 fxe2 29. Rg4+ Rg5 0-1


[Site "https://www.chess.com"]

[Event "Titled Tuesday Blitz March 22 Early 2022"]
[White "Jumabayev, Rinat"]
[Black "Artemenko, Oleg"]
[WhiteFideId "13702661"]
[BlackFideId "14201798"]
[WhiteElo "2561"]
[BlackElo "2287"]
[Result "1-0"]
[Round "11"]
[TimeControl "180+1"]
[Date "2022.03.22"]
[WhiteClock "0:00:03"]
[BlackClock "0:00:06"]

1. e4 e6 2. d4 d5 3. Nd2 c5 4. exd5 Qxd5 5. Ngf3 cxd4 6. Bc4 Qd7 7. Nb3 Nc6 8. Nbxd4 Nxd4 9. Nxd4 a6 10. O-O Nf6 11. c3 Bd6 12. Bb3 O-O 13. Re1 e5 14. Nf5 Bc5 15. Rxe5 Qc7 16. Bf4 Qb6 17. Qf3 Bxf5 18. Rxf5 Rad8 19. g4 g6 20. Rxc5 Qxc5 21. Bh6 Qe7 22. Bxf8 Kxf8 23. h3 Rd2 24. Rd1 Rxb2 25. Rd4 h6 26. h4 g5 27. hxg5 hxg5 28. Qf5 b5 29. Kg2 Qb7+ 30. Kg3 Qh1 31. Qc5+ Kg7 32. Qxg5+ Kh7 33. Qf5+ Kg7 34. Qg5+ Kh7 35. Bc2+ Rxc2 36. Qf5+ Kg7 37. Qxc2 Qg1+ 38. Kf3 Nh7 39. Ke2 Ng5 40. Qf5 Ne6 41. Rd7 Kh8 42. Rxf7 Ng5 43. Rf8+ Kg7 44. Qf6+ Kh7 45. Rh8# 1-0


[Site "https://www.chess.com"]

[Event "Titled Tuesday Blitz March 22 Early 2022"]
[White "Kanyamarala, Tarun"]
[Black "Fathy, Elameir"]
[WhiteFideId "45004714"]
[BlackFideId "10600396"]
[WhiteElo "2075"]
[BlackElo "2311"]
[Result "1-0"]
[Round "11"]
[TimeControl "180+1"]
[Date "2022.03.22"]
[WhiteClock "0:01:07"]
[BlackClock "0:00:01"]

1. Nf3 d5 2. e3 Nf6 3. c4 c6 4. Nc3 e6 5. b3 Bd6 6. Bb2 O-O 7. Qc2 e5 8. cxd5 cxd5 9. Nb5 Nc6 10. Nxd6 Qxd6 11. d4 Ne4 12. Nxe5 Qb4+ 13. Kd1 Nxe5 14. dxe5 Bf5 15. a3 Qb6 16. Bd4 Qg6 17. f3 Ng3 18. e4 Bxe4 19. fxe4 Nxh1 20. g3 Rac8 21. Qg2 dxe4 22. Ke1 Rfd8 23. Rd1 e3 24. Bd3 Qh5 25. Be2 Qg6 26. Qxh1 Rc2 27. Qxb7 h5 28. Bd3 Rxd4 29. Bxg6 1-0


[Site "https://www.chess.com"]

[Event "Titled Tuesday Blitz March 22 Early 2022"]
[White "Kanyamarala, Trisha"]
[Black "Golsta, Madara"]
[WhiteFideId "45004722"]
[BlackFideId "11607386"]
[WhiteElo "2047"]
[BlackElo "1997"]
[Result "1-0"]
[Round "11"]
[TimeControl "180+1"]
[Date "2022.03.22"]
[WhiteClock "0:00:48"]
[BlackClock "0:00:08"]

1. Nf3 Nf6 2. c4 c5 3. Nc3 g6 4. g3 Bg7 5. Bg2 O-O 6. O-O d6 7. d4 cxd4 8. Nxd4 Nc6 9. Nxc6 bxc6 10. Bxc6 Rb8 11. Bg2 Be6 12. Nd5 Qd7 13. e4 Rfc8 14. Qe2 Bg4 15. f3 Be6 16. Be3 Nxe4 17. fxe4 Rxb2 18. Qf3 Rxc4 19. Rab1 Rcc2 20. Rxb2 Rxb2 21. Rc1 Qb7 22. h3 Be5 23. Rc7 Rb1+ 24. Kh2 Qb5 25. Nxe7+ Kg7 26. Nf5+ Bxf5 27. exf5 Qd3 28. Bh6+ 1-0


[Site "https://www.chess.com"]

[Event "Titled Tuesday Blitz March 22 Early 2022"]
[White "Khamdamova, Afruza"]
[Black "Cupid, Kevin"]
[WhiteFideId "14210444"]
[BlackFideId "7700512"]
[WhiteElo "1660"]
[BlackElo "2096"]
[Result "1-0"]
[Round "11"]
[TimeControl "180+1"]
[Date "2022.03.22"]
[WhiteClock "0:00:10"]
[BlackClock "0:00:01"]

1. e4 e5 2. Nf3 Nc6 3. Bb5 a6 4. Ba4 d6 5. c3 Nf6 6. d4 b5 7. Bc2 Be7 8. O-O O-O 9. h3 Re8 10. Re1 Bf8 11. a4 Rb8 12. axb5 axb5 13. Bg5 h6 14. Bh4 exd4 15. cxd4 Nb4 16. Nc3 Nxc2 17. Qxc2 g5 18. Bg3 b4 19. Nd5 Nxd5 20. exd5 Rxe1+ 21. Rxe1 b3 22. Qc4 Bd7 23. Nd2 Rb6 24. f4 Bb5 25. Qc3 Ba4 26. fxg5 Qxg5 27. Ne4 Qd8 28. Rf1 Bg7 29. Kh2 Bb5 30. Rf2 Bd7 31. Qe3 Rb5 32. Nc3 Rb4 33. Qf4 Qe8 34. Re2 Qc8 35. Bf2 Bf5 36. Be3 Bg6 37. Rf2 Qe8 38. Kh1 Qe7 39. Re2 Kh7 40. Bf2 Qf6 41. Qg3 Qf5 42. Qh4 Bf6 43. Qg3 h5 44. Be3 h4 45. Qe1 Bh5 46. Rf2 Qg6 47. Qf1 Kg7 48. Rf5 Bxd4 49. Rg5 Bxe3 50. Rxg6+ Bxg6 51. Qf3 Bg5 52. Qe2 Bf6 53. Nd1 Re4 54. Qd2 1-0


[Site "https://www.chess.com"]

[Event "Titled Tuesday Blitz March 22 Early 2022"]
[White "Kobalia, Mikhail"]
[Black "Donchenko, Alexander"]
[WhiteFideId "4119150"]
[BlackFideId "24603295"]
[WhiteElo "2667"]
[BlackElo "2539"]
[Result "0-1"]
[Round "11"]
[TimeControl "180+1"]
[Date "2022.03.22"]
[WhiteClock "0:00:04"]
[BlackClock "0:00:24"]

1. e4 c5 2. Nf3 d6 3. d4 cxd4 4. Nxd4 Nf6 5. Nc3 a6 6. Be3 e5 7. Nb3 Be6 8. Qd2 Be7 9. O-O-O O-O 10. f4 b5 11. f5 Bd7 12. g4 b4 13. Nd5 Nxd5 14. exd5 a5 15. Qg2 Bg5 16. Bxg5 Qxg5+ 17. Kb1 a4 18. Nd2 b3 19. cxb3 axb3 20. a3 Na6 21. Ne4 Qe3 22. Nxd6 Nc5 23. Qd2 Qf3 24. Be2 Qf2 25. Bb5 Qh4 26. Bxd7 Nxd7 27. Rhg1 Ra4 28. Qc3 Rxg4 29. Qxb3 Rb8 30. Qf3 Rxg1 31. Rxg1 Rxb2+ 32. Kxb2 Qd4+ 33. Qc3 Qxg1 34. Qc8+ Nf8 35. Qc7 Qd4+ 36. Kc1 Qxd5 37. a4 Qh1+ 38. Kd2 Qxh2+ 39. Kd3 Qg3+ 40. Kc4 Qf4+ 41. Kb5 Qf1+ 42. Ka5 Qe1+ 43. Ka6 Qe2+ 44. Ka7 Qa2 45. a5 h5 46. a6 h4 47. Qc3 Qd5 48. Nc4 h3 49. Qxh3 Qxc4 50. Qe3 Qc7+ 51. Ka8 Nd7 0-1


[Site "https://www.chess.com"]

[Event "Titled Tuesday Blitz March 22 Early 2022"]
[White "Koellner, Ruben Gideon"]
[Black "Atakhan, Abtin"]
[WhiteFideId "12993093"]
[BlackFideId "22502203"]
[WhiteElo "2525"]
[BlackElo "2119"]
[Result "0-1"]
[Round "11"]
[TimeControl "180+1"]
[Date "2022.03.22"]
[WhiteClock "0:00:32"]
[BlackClock "0:00:35"]

1. d4 Nf6 2. Bg5 Ne4 3. Bf4 d5 4. e3 c5 5. Bd3 cxd4 6. Bxe4 dxe4 7. exd4 Nc6 8. Ne2 Bg4 9. Nbc3 Qb6 10. O-O Rd8 11. d5 e6 12. h3 Bxe2 13. Qxe2 exd5 14. Nxd5 Rxd5 15. Qxe4+ Ne7 16. Rfe1 Qc6 17. Qe3 f6 18. c4 Rd7 19. Qxa7 Kf7 20. Qb8 g5 21. Bg3 Bg7 22. Qa7 Nf5 23. Qa5 Nxg3 24. fxg3 Rhd8 25. Re2 Rd1+ 26. Rxd1 Rxd1+ 27. Kh2 Qxc4 28. Re3 Qc1 0-1


[Site "https://www.chess.com"]

[Event "Titled Tuesday Blitz March 22 Early 2022"]
[White "Kollars, Dmitrij"]
[Black "Andreikin, Dmitry"]
[WhiteFideId "12909572"]
[BlackFideId "4158814"]
[WhiteElo "2584"]
[BlackElo "2736"]
[Result "0-1"]
[Round "11"]
[TimeControl "180+1"]
[Date "2022.03.22"]
[WhiteClock "0:00:03"]
[BlackClock "0:00:44"]

1. e4 c5 2. c3 Nf6 3. e5 Nd5 4. Bc4 Nb6 5. Bb3 d5 6. exd6 exd6 7. d4 cxd4 8. cxd4 Nc6 9. Nc3 Be7 10. h3 O-O 11. Nf3 Bf5 12. O-O Rc8 13. Bf4 Nb4 14. Qd2 Nc4 15. Bxc4 Rxc4 16. a3 Nd3 17. Be3 Qd7 18. Nd5 Rfc8 19. Qa5 Bd8 20. Qd2 Rc2 21. Qd1 Nxb2 22. Qe1 Nd3 23. Qd1 Nb2 24. Qe1 Bd3 25. Nb4 Re2 26. Nxd3 Rxe1 27. Nfxe1 Nc4 28. Nf3 b5 29. Bf4 a5 30. Rfe1 h6 31. Bg3 Bf6 32. Nf4 Qf5 33. Reb1 Nxa3 34. Rb3 b4 35. Kh2 Nc2 36. Rc1 a4 37. Rd3 b3 38. Nd2 b2 39. Rb1 a3 40. Rxa3 Nxa3 41. Rxb2 Bxd4 42. Rb3 Nc4 43. Nf3 Be5 44. Ne2 Bxg3+ 45. Nxg3 Qd7 46. Rd3 Qc7 47. Rd4 Ne5 48. Nh4 g6 49. Ne4 Kg7 50. f4 Nc6 51. Rd5 Ne7 52. Rd2 d5 53. Ng3 Qxf4 54. Nf3 Nf5 0-1


[Site "https://www.chess.com"]

[Event "Titled Tuesday Blitz March 22 Early 2022"]
[White "Koridze, Lile"]
[Black "Marcziter, Dmitrii"]
[WhiteFideId "13612514"]
[BlackFideId "13900765"]
[WhiteElo "1999"]
[BlackElo "2155"]
[Result "1-0"]
[Round "11"]
[TimeControl "180+1"]
[Date "2022.03.22"]
[WhiteClock "0:00:56"]
[BlackClock "0:01:05"]

1. d4 Nf6 2. c4 g6 3. Nc3 Bg7 4. e4 d6 5. Nf3 O-O 6. Be2 Na6 7. O-O c5 8. Be3 Ng4 9. Bc1 cxd4 10. Nxd4 Ne5 11. Rb1 Nc5 12. b4 Ne6 13. Be3 Bd7 14. Nd5 Rc8 15. Rc1 Nxd4 16. Bxd4 b6 17. f4 Nc6 18. Bxg7 Kxg7 19. b5 Na5 20. Qd4+ f6 21. e5 Kg8 22. exf6 exf6 23. Bf3 Be6 24. Rfd1 Bf5 25. Ne3 Be6 26. Qxd6 Qe8 27. Bd5 Bxd5 28. Nxd5 Rxc4 29. Rxc4 Nxc4 30. Nxf6+ Rxf6 31. Qxf6 Qe3+ 32. Kh1 Nd2 33. Qd8+ 1-0


[Site "https://www.chess.com"]

[Event "Titled Tuesday Blitz March 22 Early 2022"]
[White "Kosteniuk, Alexandra"]
[Black "Timofeev, Artyom"]
[WhiteFideId "4128125"]
[BlackFideId "4140419"]
[WhiteElo "2469"]
[BlackElo "2594"]
[Result "0-1"]
[Round "11"]
[TimeControl "180+1"]
[Date "2022.03.22"]
[WhiteClock "0:00:01"]
[BlackClock "0:00:06"]

1. e4 c5 2. c3 g6 3. Nf3 Bg7 4. d4 Qc7 5. e5 d6 6. Bf4 d5 7. Qd2 e6 8. Na3 a6 9. Be2 h6 10. h4 Ne7 11. Nc2 b6 12. g4 Nbc6 13. Ne3 Bb7 14. Bg3 a5 15. O-O Ba6 16. Bxa6 Rxa6 17. Rac1 c4 18. a4 h5 19. g5 O-O 20. b3 cxb3 21. Qb2 Rb8 22. Qxb3 b5 23. axb5 Rab6 24. c4 dxc4 25. Qxc4 Rxb5 26. d5 exd5 27. Qa2 Rb2 28. Nxd5 Rxa2 29. Nxc7 Rb3 30. Kg2 Nb4 31. e6 Nf5 32. Bf4 Nd3 33. Rc4 Rb4 34. Rxb4 axb4 35. Bd2 b3 36. exf7+ Kxf7 37. Nd5 b2 38. Nc3 Ra1 39. Nb1 Nc5 40. Bc3 Rxb1 41. Rxb1 Bxc3 42. Ng1 Ne4 43. Ne2 Bg7 44. Rd1 Nd2 45. Rxd2 b1=Q 46. f3 Qb4 47. Rc2 Qxh4 48. Rc7+ Kg8 49. Rc8+ Kh7 0-1


[Site "https://www.chess.com"]

[Event "Titled Tuesday Blitz March 22 Early 2022"]
[White "Kotepalli, Sai Nirupama"]
[Black "Kouskoutis, Georgios-Alexandros"]
[WhiteFideId "5039444"]
[BlackFideId "4234049"]
[WhiteElo "2433"]
[BlackElo "2130"]
[Result "1-0"]
[Round "11"]
[TimeControl "180+1"]
[Date "2022.03.22"]
[WhiteClock "0:00:08"]
[BlackClock "0:00:01"]

1. e4 c5 2. Nf3 e6 3. d3 Nc6 4. g3 Nf6 5. Bg2 Be7 6. O-O O-O 7. c3 d5 8. e5 Nd7 9. Qe2 b5 10. a3 a5 11. h4 Ba6 12. Bf4 b4 13. c4 dxc4 14. dxc4 Nb6 15. Nbd2 Qc7 16. Rfe1 a4 17. Rac1 bxa3 18. bxa3 Rad8 19. Ne4 Nd4 20. Nxd4 Rxd4 21. Qg4 Kh8 22. Qh5 Rxc4 23. Rb1 Nd5 24. Bf1 Rxe4 25. Rxe4 Bxf1 26. Rxf1 c4 27. Rc1 c3 28. Rxa4 g6 29. Qd1 Rc8 30. Qd3 Qc6 31. Qa6 Qd7 32. Rd4 Qc6 33. Qxc6 Rxc6 34. Ra4 h5 35. Rc2 Kg7 36. Kg2 Kf8 37. Kf3 Ke8 38. Ke2 Rb6 39. Ra8+ Kd7 40. Ra7+ Ke8 41. Bc1 Rb1 42. Kd3 Rb5 43. Ra8+ Kd7 44. f4 Bc5 45. Ra6 Be7 46. Ra7+ Ke8 47. Ra8+ Kd7 48. Ra4 Rb7 49. Rd4 Rc7 50. Be3 Kc6 51. Bd2 Kd7 52. Bxc3 Bxa3 53. Bb2 1-0


[Site "https://www.chess.com"]

[Event "Titled Tuesday Blitz March 22 Early 2022"]
[White "Krysa, Leandro"]
[Black "Vasquez Schroeder, Rodrigo"]
[WhiteFideId "116807"]
[BlackFideId "3400042"]
[WhiteElo "2490"]
[BlackElo "2561"]
[Result "0-1"]
[Round "11"]
[TimeControl "180+1"]
[Date "2022.03.22"]
[WhiteClock "0:00:01"]
[BlackClock "0:01:02"]

1. e4 c5 2. Nf3 d6 3. d4 cxd4 4. Nxd4 Nf6 5. Nc3 a6 6. Rg1 h6 7. g4 g5 8. Be3 e6 9. Qe2 Nbd7 10. O-O-O Ne5 11. f4 gxf4 12. Bxf4 Nfd7 13. Kb1 b5 14. Nf5 Qc7 15. Bg2 b4 16. Nd5 exd5 17. exd5 Bb7 18. g5 hxg5 19. Bxg5 f6 20. Bf4 O-O-O 21. h4 Kb8 22. h5 Rc8 23. h6 Nb6 24. Bh3 Qc4 25. Qxc4 Rxc4 26. Bc1 Nxd5 27. Bg2 Nf4 28. Bxb7 Kxb7 29. Rh1 Kc6 30. b3 Re4 31. Rh4 Ne2 32. Rxe4 Nc3+ 33. Ka1 Nxe4 34. Rh1 Rh7 35. Bf4 Ng5 36. Kb2 a5 37. a3 bxa3+ 38. Kxa3 d5+ 39. Ka4 Kb6 40. c3 Ne6 41. Be3+ Bc5 42. Bc1 Ka6 43. Rh2 Nd7 44. b4 Nb6+ 45. Kb3 axb4 46. cxb4 Bf8 47. Rg2 Ng5 48. Re2 Bxh6 49. Rh2 Bf8 50. Rxh7 Nxh7 51. Be3 Nc4 52. Bd4 Kb5 53. Bc3 Ne5 54. Nd4+ Kb6 55. Ne6 Bd6 56. Bd4+ Kc6 57. Nd8+ Kd7 58. Nb7 Ng5 59. b5 Ne6 60. Ba7 Kc7 61. Na5 Bc5 62. Bxc5 Nxc5+ 63. Kc3 Kd6 64. b6 Nc6 0-1


[Site "https://www.chess.com"]

[Event "Titled Tuesday Blitz March 22 Early 2022"]
[White "Kulkarni, Rakesh"]
[Black "Rastbod, Ali"]
[WhiteFideId "5037077"]
[BlackFideId "12567477"]
[WhiteElo "2246"]
[BlackElo "2200"]
[Result "1-0"]
[Round "11"]
[TimeControl "180+1"]
[Date "2022.03.22"]
[WhiteClock "0:01:31"]
[BlackClock "0:00:23"]

1. e4 e6 2. d4 d5 3. Bd3 dxe4 4. Bxe4 Nf6 5. Bf3 c5 6. Ne2 Nc6 7. Be3 cxd4 8. Nxd4 Ne5 9. Nc3 a6 10. Qe2 Qc7 11. O-O-O Nxf3 12. Qxf3 Bb4 13. Bf4 Qc4 14. Rhe1 O-O 15. Be5 Bxc3 16. Bxf6 Bxb2+ 17. Kxb2 gxf6 18. Qxf6 Bd7 19. Qg5+ Kh8 20. Qf6+ Kg8 21. Re3 Rfc8 22. Rg3+ Kf8 23. Qh6+ Ke7 24. Nf5+ exf5 25. Qd6+ 1-0


[Site "https://www.chess.com"]

[Event "Titled Tuesday Blitz March 22 Early 2022"]
[White "Ladan, Nicholas"]
[Black "Bashirli, Saadat"]
[WhiteFideId "30918855"]
[BlackFideId "13429990"]
[WhiteElo "2167"]
[BlackElo "1173"]
[Result "1-0"]
[Round "11"]
[TimeControl "180+1"]
[Date "2022.03.22"]
[WhiteClock "0:00:08"]
[BlackClock "0:00:03"]

1. d4 d5 2. Bf4 c5 3. e3 e6 4. Nf3 Nf6 5. c3 Nc6 6. Nbd2 cxd4 7. exd4 Bd6 8. Bg3 Bxg3 9. hxg3 Bd7 10. Bd3 h6 11. Ne5 Qc7 12. f4 a6 13. a4 Ne7 14. Qe2 Nc8 15. g4 Nd6 16. g5 Ng8 17. Kf2 Ne7 18. g4 O-O-O 19. gxh6 Rxh6 20. Rxh6 gxh6 21. Rh1 Rh8 22. Bc2 f6 23. Nef3 Qd8 24. Qf1 Qg8 25. Rh4 Ng6 26. Bxg6 Qxg6 27. Qh1 Ne4+ 28. Ke3 Ng3 29. Qh3 Ne4 30. Rh5 f5 31. g5 Bxa4 32. Rxh6 Rxh6 33. Qxh6 Qg8 34. Ne5 Nd6 35. g6 Be8 36. g7 Nf7 37. Qxe6+ Kb8 38. Nxf7 Bxf7 39. Qd6+ Ka7 40. Qf8 a5 41. Qxg8 Bxg8 42. Nf3 Kb8 43. Nh4 Kc7 44. Nxf5 Kd7 45. Nh6 Be6 46. g8=Q Bxg8 47. Nxg8 Ke8 48. Nh6 Ke7 49. Ng4 Ke6 50. Nf2 Kf5 51. Nd3 b5 52. Nc5 a4 53. Nd3 Ke6 54. Nb4 Kd6 55. f5 Ke7 56. Kf4 Kf6 57. Nxd5+ Kf7 58. Ke5 a3 59. bxa3 b4 60. axb4 1-0


[Site "https://www.chess.com"]

[Event "Titled Tuesday Blitz March 22 Early 2022"]
[White "Lakshmi C"]
[Black "Jaferian, Koosha"]
[WhiteFideId "25035347"]
[BlackFideId "12507440"]
[WhiteElo "1775"]
[BlackElo "2030"]
[Result "0-1"]
[Round "11"]
[TimeControl "180+1"]
[Date "2022.03.22"]
[WhiteClock "0:00:01"]
[BlackClock "0:00:14"]

1. e4 c6 2. d4 d5 3. exd5 cxd5 4. Nf3 Nc6 5. h3 Bf5 6. Bd3 Bxd3 7. Qxd3 e6 8. c3 Nf6 9. Nbd2 Bd6 10. O-O O-O 11. Re1 Rb8 12. a4 Qc7 13. Nf1 Rfc8 14. N1h2 Ne4 15. Ng4 Ne7 16. Ng5 Nxg5 17. Bxg5 Nf5 18. Ne5 f6 19. Nf3 fxg5 20. Rxe6 Rf8 21. g4 Nh4 22. Nxg5 g6 23. Qb5 Bh2+ 24. Kh1 Rbd8 25. Rae1 Rd7 26. Qe2 Qf4 27. Re5 Qxf2 28. Qxf2 Rxf2 29. Re8+ Kg7 30. R8e7+ Rxe7 31. Rxe7+ Kf8 32. Rxh7 Bg3 33. Ne6+ Ke8 34. Ng7+ Kd8 35. Ne6+ Kc8 0-1


[Site "https://www.chess.com"]

[Event "Titled Tuesday Blitz March 22 Early 2022"]
[White "Lauridsen, Jesper Morch"]
[Black "Begunov, Konstantin"]
[WhiteFideId "1401890"]
[BlackFideId "4118510"]
[WhiteElo "2263"]
[BlackElo "2262"]
[Result "0-1"]
[Round "11"]
[TimeControl "180+1"]
[Date "2022.03.22"]
[WhiteClock "0:00:28"]
[BlackClock "0:00:50"]

1. e4 c5 2. Nf3 d6 3. d4 cxd4 4. Nxd4 Nf6 5. Nc3 a6 6. Bc4 e6 7. a3 Nbd7 8. Bxe6 fxe6 9. Nxe6 Qa5 10. Bd2 Kf7 11. Nd5 Qa4 12. Ng5+ Kg8 13. O-O h6 14. Nf3 Qxe4 15. Bc3 Qxd5 16. Qe2 Ne5 17. Bxe5 dxe5 18. Nxe5 Bf5 19. Rad1 Qe4 20. Qxe4 Bxe4 21. Rfe1 Bxc2 22. Rc1 Be4 23. Rc7 Bd6 0-1


[Site "https://www.chess.com"]